 Dungeon Crawl Stone Soup version 0.30.1-11-g7821555f0a (webtiles) character file.

Game seed: 15806276757038733964

392 KittyFluff the Covered (level 6, -9/57 HPs)
             Began as a Gargoyle Berserker on Nov 8, 2023.
             Was an Elder of Trog.
             Mangled by Menkaure (18 damage)
             ... on level 4 of the Dungeon.
             The game lasted 00:12:37 (3146 turns).

KittyFluff the Covered (Gargoyle Berserker)         Turns: 3146, Time: 00:12:38

Health: -9/57      AC:  8    Str: 23    XL:     6   Next: 81%
Magic:  6/6        EV: 12    Int:  7    God:    Trog [****..]
Gold:   206        SH:  0    Dex:  9    Spells: 5/5 levels left

rFire   . . .        g - +0 mace (venom)
rCold   . . .        (no shield)
rNeg    + . .        r - +0 leather armour
rPois   ∞            (no helmet)
rElec   +            (no cloak)
rCorr   .            (no gloves)
SInv    .            (no boots)
Will    .....        (no amulet) Stlth
                     (no ring)
HPRegen 0.29/turn    (no ring)
MPRegen 0.10/turn

%: no passive effects
@: berserking, very quick
A: sickness immunity, AC +4, negative energy resistance 1, electricity
resistance, torment resistance 1, petrification resistance
a: Renounce Religion, Berserk, Trog's Hand, Brothers in Arms


You were on level 4 of the Dungeon.
You worshipped Trog.
Trog was greatly pleased with you.
You visited 1 branch of the dungeon, and saw 4 of its levels.
You also visited: Ossuary.

You collected 206 gold pieces.

Inventory:

Hand Weapons
 e - a +1 sling of draining
 g - a +0 mace of venom (weapon)
Missiles
 p - 6 curare-tipped darts
 z - a throwing net
Armour
 r - a +0 leather armour (worn)
Jewellery
 f - a +6 ring of intelligence
 t - a ring of fire
Scrolls
 b - a scroll of poison {unknown}
 c - 2 scrolls of fear {unknown}
 d - a scroll of vulnerability {unknown}
 m - a scroll of brand weapon {unknown}
 o - 3 scrolls of identify {unknown}
 s - a scroll of fog {unknown}
 w - a scroll of noise {unknown}
 x - a scroll of acquirement {unknown}
 y - 2 scrolls of torment {unknown}
Potions
 a - 2 potions of invisibility {unknown}
 h - a potion of flight {unknown}
 i - 3 potions of curing
 j - 4 potions of brilliance {unknown}
 k - 3 potions of heal wounds {unknown}
 l - 2 potions of attraction {unknown}
 n - 2 potions of resistance {unknown}
 q - a potion of berserk rage {unknown}
 u - a potion of cancellation {unknown}
 v - 2 potions of ambrosia {unknown}


   Skills:
 + Level 4.2 Fighting
 * Level 4.5 Maces & Flails
 * Level 4.7 Armour
 + Level 2.6 Dodging
 + Level 2.6 Stealth


You had 5 spell levels left.
You didn't know any spells.
Your spell library was empty.

Dungeon Overview and Level Annotations

Branches:
Dungeon (4/15)            Ossuary (visited)
 Temple: D:4-7

Altars:
Trog

Shops:
D:2 :

Annotations:
D:4 Menkaure


Innate Abilities, Weirdness & Mutations

You are immune to sickness and miasma.
Your stone body is resilient. (AC +4)
You are immune to poison.
You resist negative energy. (rN+)
You are resistant to electric shocks. (rElec)
You are resistant to unholy torment.
You are immune to petrification.


Message History

The sleepcap is moderately damaged.
The sleepcap releases spores at you but does no damage.
You hit the sleepcap.
The sleepcap is severely damaged.
The sleepcap releases spores at you.
You sock the sleepcap!
The sleepcap is almost destroyed.
The sleepcap closely misses you.
You hit the sleepcap.
You destroy the sleepcap!
Trog accepts your kill.
You closely miss the goblin. The goblin hits you but does no damage.
The goblin closely misses you.
You hit the goblin.
The goblin is poisoned.
The goblin is severely wounded.
You kill the goblin!
Trog accepts your kill.
You see here a +0 dagger.
You see here a +0 dagger.
Menkaure, Prince of Dust comes into view.
Menkaure mumbles some strange words.
Menkaure seems to speed up.
Menkaure calls on the powers of darkness!
Your body is wracked with pain!
You hit Menkaure.
Menkaure is lightly damaged.
Menkaure hits you!
Menkaure calls on the powers of darkness!
Your body is wracked with pain!
A red film seems to cover your vision as you go berserk!
You feel yourself moving faster!
You feel mighty! Menkaure hits you!
* * * LOW HITPOINT WARNING * * *
You hit Menkaure.
Menkaure is moderately damaged.
Menkaure hits you.
* * * LOW HITPOINT WARNING * * *
You barely miss Menkaure.
Menkaure is moderately damaged.
Menkaure hits you!!
You die...

#### ..# #
#.#
###..###.##
#.....M@..#
.....###..#
#.# #..#
#..######
#.......#
##.####.#
+## #.# #.#
#.. #.# #.#
#.> #.# #.#
#..


You could see Menkaure (fast).

Vanquished Creatures
  A centaur zombie (Ossuary)
  An orc priest (D:2)
  2 human zombies (Ossuary)
  A sleepcap (D:4)
  2 mummies (Ossuary)
  4 gnolls (D:3)
  5 adders
  2 adder zombies (Ossuary)
  4 worms (D:2)
  4 orcs
  11 ball pythons
  6 endoplasms
  7 giant cockroaches
  9 goblins
  5 hobgoblins
  4 jackals (D:1)
  6 quokkas
  7 bats
  4 frilled lizards (D:1)
  11 hobgoblin zombies (Ossuary)
  3 jackal zombies (Ossuary)
  5 kobolds
  8 kobold zombies (Ossuary)
  9 orc zombies (Ossuary)
  8 rats
  A rat zombie (Ossuary)
130 creatures vanquished.

Notes
Turn   | Place    | Note
-------+----------+-------------------------------------------
     0 | D:1      | KittyFluff the Gargoyle Berserker began the quest for the
                  | Orb.
     0 | D:1      | Reached XP level 1. HP: 14/14 MP: 1/1
    84 | D:1      | Reached XP level 2. HP: 19/19 MP: 2/2
   260 | D:1      | Found a faded altar of an unknown god.
   299 | D:1      | Reached XP level 3. HP: 23/23 MP: 3/3
   577 | D:2      | Reached skill level 1 in Stealth
   582 | D:2      | Reached ** piety under Trog
   659 | D:2      | Reached XP level 4. HP: 12/28 MP: 4/4
   899 | D:2      | Found Iliczaal's Book Shoppe.
  1294 | D:2      | Reached XP level 5. HP: 32/33 MP: 5/5
  1419 | D:3      | Found a bloodstained altar of Trog.
  1831 | D:3      | Reached *** piety under Trog
  2498 | D:4      | Found a sand-covered staircase.
  2503 | Ossuary  | Entered an ossuary
  2550 | Ossuary  | Reached XP level 6. HP: 38/38 MP: 6/6
  2710 | Ossuary  | Reached **** piety under Trog
  3139 | D:4      | Noticed Menkaure
  3146 | D:4      | Mangled by Menkaure

Illustrated notes

Levels and vault maps discovered:
D:1:      heliophobic_arrival_ceremonial_halls, layout_rooms,
          shapermc_ecumenical_altar_hornbeckon
D:2:      layout_rooms, serial_shops, nicolae_shop_window_shopping,
          minmay_domino_4
D:3:      layout_loops_corners, nicolae_overflow_crystal_walls, minmay_cupped
D:4:      layout_loops_ring, nicolae_ossuary_entry_false_entrances,
          uniq_menkaure

Skill      XL: |  1  2  3  4  5 |
---------------+----------------+-----
Armour         | 3 4 |  4.7
Stealth        | 1 2 |  2.6
Dodging        | 2 |  2.6
Maces & Flails | 4 |  4.5
Fighting       | 4 |  4.2

Action                     |  1- 3 |  4- 6 || total
---------------------------+-------+-------++-------
  Melee: Mace              |   106 |   287 ||   393
         Punch             |     1 |     4 ||     5
   Fire: Sling             |     1 |    34 ||    35
 Invoke: Berserk           |       |     1 ||     1
    Use: Potion            |       |     1 ||     1
   Stab: Sleeping          |       |     2 ||     2
 Armour: Animal skin       |    37 |    20 ||    57
         Leather armour    |       |    89 ||    89
  Dodge: Dodged            |    78 |   165 ||   243
